 Dungeon Crawl Stone Soup version 0.31.0-32-g396128a36d (webtiles) character file.

Game seed: 15435138289388286810

618 PaiMei the Gusty (level 7, 0/41 HPs)
             Began as a Tengu Air Elementalist on Mar 15, 2024.
             Slain by an ice beast (9 damage)
             ... on level 5 of the Dungeon.
             The game lasted 00:09:44 (5807 turns).

PaiMei the Gusty (Tengu Air Elementalist)           Turns: 5807, Time: 00:09:45

Health: 0/41       AC:  3    Str:  9    XL:     7   Next: 45%
Magic:  5/13       EV: 17    Int: 17    God:
Gold:   211        SH:  0    Dex: 14    Spells: 10/13 levels left

rFire   . . .        A - +1 spear (venom)
rCold   . . .        (no shield)
rNeg    . . .        a - +0 robe
rPois   .            (helmet restricted)
rElec   .            (no cloak)
rCorr   .            d - +0 pair of gloves
SInv    .            (boots unavailable)
Will    .....        (no amulet)
Stlth   ++           (no ring)
HPRegen 0.26/turn    (no ring)
MPRegen 0.13/turn

%: acrobat
@: flying
A: beak, talons 3, evasive flight, acrobatic
a: no special abilities


You were on level 5 of the Dungeon.
You visited 2 branches of the dungeon, and saw 6 of its levels.
You also visited: Sewer.

You collected 211 gold pieces.

Inventory:

Hand Weapons
 l - a +2 dagger of venom
 A - a +1 spear of venom (weapon)
Missiles
 p - 2 poisoned darts (quivered)
Armour
 a - a +0 robe (worn)
 d - a +0 pair of gloves (worn)
 g - an orb of wrath
Jewellery
 y - a ring of resist corrosion
 z - an amulet of faith
Wands
 v - a wand of quicksilver (7)
 C - a wand of paralysis (13)
Scrolls
 e - a scroll of noise {unknown}
 f - 4 scrolls of enchant armour {unknown}
 i - a scroll of poison {unknown}
 j - 2 scrolls of teleportation {unknown}
 k - 2 scrolls of blinking {unknown}
 m - 2 scrolls of revelation {unknown}
 q - 5 scrolls of identify {unknown}
 r - a scroll of torment {unknown}
 w - 2 scrolls of fog {unknown}
 x - a scroll of silence {unknown}
 B - a scroll of enchant weapon {unknown}
Potions
 b - 2 potions of magic
 c - a potion of degeneration {unknown}
 h - 2 potions of cancellation {unknown}
 n - 2 potions of mutation {unknown}
 o - 2 potions of might {unknown}
 s - a potion of heal wounds {unknown}
 t - 2 potions of enlightenment {unknown}
 u - a potion of curing {unknown}


   Skills:
 + Level 3.0 Fighting
 + Level 4.2 Dodging
 - Level 2.3 Stealth
 + Level 3.7 Spellcasting
 + Level 4.5 Conjurations
 + Level 6.1 Air Magic


You had 10 spell levels left.
You knew the following spells:

 Your Spells              Type           Power      Damage    Failure   Level
a - Shock                 Conj/Air       84%        1d8       1%          1
b - Static Discharge      Conj/Air       42%        3-5/arc   2%          2

Your spell library contained the following spells:

 Spells                   Type           Power      Damage    Failure   Level
 Swiftness                Air            24%        N/A       4%          3
 Mephitic Cloud           Conj/Alch/Air  15%        N/A       12%         3
 Airstrike                Air            12%        2d(2-18)  13%         4
 Dazzling Flash           Conj/Hex       20%        N/A       19%         3
 Silence                  Hex/Air        6%         N/A       77%         5
 Curse of Agony           Necr           3%         N/A       99%         5


Dungeon Overview and Level Annotations

Branches:
Dungeon (5/15)             Temple (1/1) D:4           Sewer (visited)

Altars:
Gozag
Kikubaaqudgha
Nemelex Xobeh
Qazlal
Sif Muna
Trog
Wu Jian
Xom
Yredelemnul

Shops:
D:3 :

Annotations:
D:3 3 runed translucent doors, Curundu's ghost, amateur MiBe


Innate Abilities, Weirdness & Mutations

You have a beak for a mouth.
You have claws for feet.
Your magical flight helps you evade attacks. (EV +4)
You can magically evade attacks while moving or waiting.


Message History

The ice beast closely misses you.
Casting: Shock (safe; 1% risk of failure)
Confirm with . or Enter, or press ? or * to list all spells.
Aiming: Shock (safe; 1% risk of failure)
Press: ? - help, Shift-Dir - straight line, f/p - ice beast
Aim: an ice beast (moderately wounded, 74% to hit)
The zap misses the ice beast.
The ice beast hits you but does no damage.
Casting: Shock (safe; 1% risk of failure)
Confirm with . or Enter, or press ? or * to list all spells.
Aiming: Shock (safe; 1% risk of failure)
Press: ? - help, Shift-Dir - straight line, f/p - ice beast
Aim: an ice beast (moderately wounded, 74% to hit)
The zap hits the ice beast.
The ice beast is moderately wounded.
The ice beast barely misses you.
Casting: Shock (safe; 1% risk of failure)
Confirm with . or Enter, or press ? or * to list all spells.
Aiming: Shock (safe; 1% risk of failure)
Press: ? - help, Shift-Dir - straight line, f/p - ice beast
Aim: an ice beast (moderately wounded, 74% to hit)
The zap hits the ice beast.
The ice beast is heavily wounded.
The ice beast hits you. The ice beast freezes you!
Your magical contamination has completely faded away.
Casting: Shock (safe; 1% risk of failure)
Confirm with . or Enter, or press ? or * to list all spells.
Aiming: Shock (safe; 1% risk of failure)
Press: ? - help, Shift-Dir - straight line, f/p - ice beast
Aim: an ice beast (heavily wounded, 74% to hit)
The zap hits the ice beast.
The ice beast is severely wounded.
The ice beast hits you. The ice beast freezes you!
You hit the ice beast.
You claw the ice beast, but do no damage.
The ice beast is severely wounded.
The ice beast hits you.
* * * LOW HITPOINT WARNING * * *
The ice beast freezes you!
You die...

#.# #.# #.#
###.# #
#####.#
###...# ##
###.##...#.#
#...#.# #.
.......#.#.#
#.~#######
##...#...#.#
#~~~~~.~~~
.........#.#
##~.≈≈≈≈≈≈
........$..#
#########
.......@.###
##≈≈≈≈≈≈
##.....Y##
##~.~.÷.~
#...##..
#÷.≈≈≈≈≈≈
.... #.##
#..######
##. #.#
#~.≈≈≈≈≈≈ #
#.#
##~..†~~~
#.# ########
#.# #. #.


You could see an ice beast.

Vanquished Creatures
  A phantom (D:4)
  2 bullfrogs (Sewer)
  A hound (D:4)
  A jelly (D:5)
  4 iguanas
  An orc wizard (D:3)
  Robin (D:2)
  3 gnolls (D:3)
  8 adders
  8 dart slugs
  A ribbon worm (D:3)
  3 orcs (D:3)
  5 ball pythons
  3 bats
  6 endoplasms
  14 giant cockroaches
  8 goblins
  8 hobgoblins
  6 jackals
  9 quokkas
  9 frilled lizards
  5 kobolds
  3 rats
110 creatures vanquished.

Notes
Turn   | Place    | Note
-------+----------+-------------------------------------------
     0 | D:1      | PaiMei the Tengu Air Elementalist began the quest for the
                  | Orb.
     0 | D:1      | Reached XP level 1. HP: 10/10 MP: 4/4
   222 | D:1      | Reached XP level 2. HP: 15/15 MP: 4/6
   979 | D:2      | Noticed Robin
  1458 | D:2      | Reached XP level 3. HP: 19/19 MP: 3/7
  1461 | D:2      | Learned a level 2 spell: Static Discharge
  2080 | D:2      | Killed Robin
  2081 | D:2      | Reached XP level 4. HP: 21/24 MP: 2/8
  2085 | D:2      | Reached skill level 1 in Fighting
  2541 | D:3      | Found a runed translucent gate.
  2541 | D:3      | Found a runed translucent gate.
  2541 | D:3      | Found a runed translucent gate.
  3022 | D:3      | Reached XP level 5. HP: 26/29 MP: 4/10
  3183 | D:3      | Found Yblawnuf's Book Shoppe.
  3360 | D:3      | Reached skill level 5 in Air Magic
  3579 | D:3      | Noticed Curundu's ghost (amateur MiBe)
  4008 | D:4      | Noticed a phantom
  4120 | D:4      | Killed a phantom
  4121 | D:4      | Reached XP level 6. HP: 35/35 MP: 0/11
  4532 | D:4      | Found a staircase to the Ecumenical Temple.
  4540 | Temple   | Entered the Ecumenical Temple
  4593 | D:5      | Entered Level 5 of the Dungeon
  4593 | D:5      | Found an ancient bone altar of Kikubaaqudgha.
  4710 | D:5      | Found a glowing drain.
  4745 | Sewer    | Entered a sewer
  5366 | Sewer    | Gained mutation: Your magical flight helps you evade
                  | attacks. (EV +4) [Tengu growth]
  5366 | Sewer    | Reached XP level 7. HP: 40/40 MP: 6/13
  5554 | Sewer    | Reached skill level 6 in Air Magic
  5606 | Sewer    | Identified the +7 spear "Raiph" {antimagic, ^Fragile rElec
                  | Int+4 Dex+2}
  5807 | D:5      | Slain by an ice beast

Illustrated notes

Levels and vault maps discovered:
D:1:      co_arrival_random_square_maze, layout_loops_ring
D:2:      layout_loops_ring, kennysheep_generic_room_4, uniq_robin
D:3:      layout_rooms, serial_shops, shop, gammafunk_ghost_icy,
          ebering_dispersal_statue_hall
D:4:      layout_basic, temple_green
D:5:      layout_loops_ring, amcnicky_altar_gilded, gup_sewer_entry_pipe,
          hangedman_abyss_or_decor_stagger, minivault_4,
          uniq_crazy_yiuf_cottage, uniq_grinder, uniq_sigmund
Temple:   hellmonk_temple_rainy

Skill      XL: |  1  2  3  4  5  6  7 |
---------------+----------------------+-----
Conjurations   | 2 3 4 |  4.5
Fighting       | 1 2 3 |  3.0
Dodging        | 3 4 |  4.2
Air Magic      | 5 6 |  6.1
Spellcasting   | 3 |  3.7
Stealth        | |  2.3

Action                     |  1- 3 |  4- 6 |  7- 9 || total
---------------------------+-------+-------+-------++-------
  Melee: Unarmed           |     2 |       |       ||     2
         Dagger            |     4 |    34 |       ||    38
         Kick              |     1 |     5 |     1 ||     7
         Peck              |       |     7 |       ||     7
         Spear             |       |       |     1 ||     1
   Cast: Shock             |    75 |   172 |    32 ||   279
   Stab: Sleeping          |       |     1 |       ||     1
 Armour: Robe              |    22 |    28 |     6 ||    56
  Dodge: Dodged            |    28 |    41 |    10 ||    79
